 Dungeon Crawl Stone Soup version 0.28.0-53-g5a82cb258f (webtiles) character file.

Game seed: 7919090431657339021

12 SanguineChosen the Skirmisher (level 2, -7/19 HPs)
             Began as a Gargoyle Fighter on June 29, 2022.
             Mangled by a hobgoblin
             ... wielding a +0 mace
              (8 damage)
             ... on level 1 of the Dungeon.
             The game lasted 00:01:13 (633 turns).

SanguineChosen the Skirmisher (Gargoyle Fighter)     Turns: 633, Time: 00:01:15

Health: -7/19      AC:  9    Str: 19    XL:     2   Next: 33%
Magic:  2/2        EV:  9    Int:  8    God:
Gold:   9          SH:  4    Dex:  9    Spells: 1/1 levels left

rFire   . . .      SeeInvis .   a - +0 flail
rCold   . . .      Faith    .   c - +0 buckler
rNeg    + . .      Spirit   .   b - +0 scale mail
rPois   ∞          Reflect  .   (no helmet)
rElec   +          Harm     .   (no cloak)
rCorr   .          Rampage  .   (no gloves)
Will    .....                   (no boots)
Stlth   ..........              (no amulet)
HPRegen 0.06/turn               (no ring)
MPRegen 0.08/turn               (no ring)

@: mighty
A: sickness immunity, AC +2, negative energy resistance 1, electricity
resistance, torment resistance 1, petrification resistance
a: no special abilities


You were on level 1 of the Dungeon.
You visited 1 branch of the dungeon, and saw 1 of its levels.

You collected 9 gold pieces.

Inventory:

Hand Weapons
 a - a +0 flail (weapon)
Armour
 b - a +0 scale mail (worn)
 c - a +0 buckler (worn)
Scrolls
 e - a scroll of noise {unknown}


   Skills:
 + Level 3.6 Fighting
 + Level 2.1 Maces & Flails
 + Level 3.3 Armour
 + Level 0.1 Dodging
 + Level 3.6 Shields


You had one spell level left.
You didn't know any spells.
Your spell library was empty.

Dungeon Overview and Level Annotations

Branches:
Dungeon (1/15)

Altars:


Innate Abilities, Weirdness & Mutations

You are immune to sickness and miasma.
Your stone body is resilient. (AC +2)
You are immune to poison.
You resist negative energy. (rN+)
You are resistant to electric shocks. (rElec)
You are resistant to unholy torment.
You are immune to petrification.


Message History

The bat closely misses you.
A hobgoblin comes into view. It is wielding a +0 mace.
The hobgoblin shouts!
You block the bat's attack. The rat barely misses you.
You closely miss the rat. You block the rat's attack.
You sock the rat!
You kill the rat!
The bat hits you but does no damage. x2
You completely miss the bat. The bat hits you. The bat misses you.
The bat hits you but does no damage.
You miss the bat. The bat closely misses you.
The bat hits you but does no damage.
You barely miss the bat. You block the bat's attack. x2
You completely miss the bat. The bat hits you but does no damage.
The hobgoblin throws a stone.
The stone closely misses you.
You closely miss the bat. You block the bat's attack.
The bat hits you but does no damage. You block the bat's attack.
You thump the bat!
You kill the bat!
The bat hits you but does no damage. The hobgoblin hits you with a +0 mace.
You hit the hobgoblin but do no damage. The hobgoblin hits you with a +0 mace.
You hit the hobgoblin.
The hobgoblin is severely wounded.
The hobgoblin hits you with a +0 mace.
You are too injured to fight recklessly!
You are too injured to fight recklessly!
You barely miss the hobgoblin.
The hobgoblin is severely wounded.
You block the hobgoblin's attack.
You closely miss the hobgoblin.
The hobgoblin is severely wounded.
You block the hobgoblin's attack. The hobgoblin misses you.
You closely miss the hobgoblin.
The hobgoblin is severely wounded.
The hobgoblin hits you with a +0 mace.
* * * LOW HITPOINT WARNING * * *
You feel very mighty all of a sudden. The hobgoblin hits you with a +0 mace!
You die...

## ... .... .....
......###########
.....bg@........#
......#########.#### .....
#....##.♣♣
######################.........
#.....# ##............########
#.....####..####.......####...
#.........†## #............#
#........#######.......#####
#..........................#


You could see a hobgoblin and a bat.

Vanquished Creatures
  2 bats (D:1)
  2 giant cockroaches (D:1)
  2 hobgoblins (D:1)
  2 quokkas (D:1)
  A frilled lizard (D:1)
  2 rats (D:1)
11 creatures vanquished.

Vanquished Creatures (others)
  A plant (D:1)
1 creature vanquished.

Grand Total: 12 creatures vanquished

Notes
Turn   | Place    | Note
-------+----------+-------------------------------------------
     0 | D:1      | SanguineChosen the Gargoyle Fighter began the quest for the
                  | Orb.
     0 | D:1      | Reached XP level 1. HP: 14/14 MP: 1/1
   400 | D:1      | Reached XP level 2. HP: 19/19 MP: 2/2
   633 | D:1      | Mangled by a hobgoblin

Illustrated notes

Levels and vault maps discovered:
D:1:      erik_arrival_triangle_huge, layout_rooms, serial_bayou,
          serial_bayou_crossing, serial_bayou_shore_b, serial_bayou_shore_b,
          serial_bayou_lake_a, serial_bayou_shore_b

Action                   || total
-------------------------++-------
Melee: Flail             ||    53
  Use: Potion            ||     1
Armor: Scale mail        ||    24
Dodge: Dodged            ||    28
Block: Buckler           ||    23
